 Dungeon Crawl Stone Soup version 0.20.1-1-g8b1a95d (webtiles) character file.

61 arttle the Cudgeler (level 3, -4/31 HPs)
             Began as a Minotaur Berserker on Nov 6, 2017.
             Was a Follower of Trog.
             Slain by a gnoll
             ... wielding a +0 club
              (5 damage)
             ... on level 2 of the Dungeon.
             The game lasted 00:03:39 (1391 turns).

arttle the Cudgeler (Minotaur Berserker)            Turns: 1391, Time: 00:03:39

Health: -4/31      AC:  2    Str: 21    XL:     3   Next: 83%
Magic:  2/2        EV: 12    Int:  4    God:    Trog [*.....]
Gold:   52         SH:  0    Dex: 10    Spells: 2/2 levels left

rFire    . . .     SeeInvis .   h - +0 whip
rCold    . . .     Gourm    .   (no shield)
rNeg     . . .     Faith    .   b - +0 animal skin
rPois    .         Spirit   .   (helmet restricted)
rElec    .         Reflect  .   (no cloak)
rCorr    .         Harm     .   (no gloves)
MR       .....                  (no boots)
Stlth    +.........             (no amulet)
Regen    0.1/turn               (no ring)
MPRegen  0.1/turn               (no ring)

@: no status effects
A: retaliatory headbutt, horns 2
a: Berserk, Burn Spellbooks, Renounce Religion


You were on level 2 of the Dungeon.
You worshipped Trog.
Trog was aware of your devotion.
You were not hungry.

You visited 1 branch of the dungeon, and saw 2 of its levels.

You collected 52 gold pieces.

Inventory:

Hand Weapons
 a - a +0 mace
 h - a +0 whip (weapon)
 r - a cursed -3 trident
Armour
 b - a +0 animal skin (worn)
 g - a +0 buckler
Scrolls
 e - a scroll of random uselessness {unknown}
 j - 4 scrolls of identify {unknown}
 l - a scroll of blinking {unknown}
 n - 2 scrolls of remove curse {unknown}
Potions
 i - a potion of heal wounds {unknown}
 k - 3 potions of curing {unknown}
 m - a potion of resistance {unknown}
 o - a potion of haste {unknown}
 q - a potion of agility {unknown}
 s - a potion of lignification {unknown}
 t - a potion of invisibility {unknown}
Comestibles
 c - a bread ration
 d - 6 fruits
 f - a royal jelly


   Skills:
 - Level 3.6 Fighting
 + Level 5.8 Maces & Flails
 - Level 2.4 Armour
 - Level 2.1 Dodging


You had 2 spell levels left.
You didn't know any spells.

Dungeon Overview and Level Annotations

Branches:
Dungeon (2/15)

Altars:


Innate Abilities, Weirdness & Mutations

You reflexively headbutt those who attack you in melee.
You have a pair of horns on your head.


Message History

The gnoll hits you with a spear. The gnoll misses you.
The gnoll hits you with a spear.
There is a stone staircase leading up here.
You hit the gnoll.
The gnoll is lightly wounded.
The gnoll barely misses you. You furiously retaliate!
You headbutt the gnoll! You hit the gnoll.
The gnoll is moderately wounded.
The gnoll hits you with a spear.
You hit the gnoll. You headbutt the gnoll.
The gnoll is heavily wounded.
The gnoll hits you with a club!
* * * LOW HITPOINT WARNING * * *
The gnoll misses you.
You barely miss the gnoll.
The gnoll is heavily wounded.
The gnoll hits you with a spear!
* * * LOW HITPOINT WARNING * * *
The gnoll hits you with a club.
You die...

#.# #.##.##..#### #.#
#........# ## #.#
#.##.##### .# #.# #.##.#
###. #.# #####.##.# #.
##.####........# #.#
#.....#.######## #..
#..##.#g## #.##
#..##.#.@#
#..###..##.#g.#
#...g.....#..#
#.####.#g.#..# #..#
#.#..#..###.#.#
#####..###.#.........#.#
.......g##.............#
#####.#.##.#..#.###.##.#
...)..#.##.#..#.# #.##.#


You could see 2 gnolls.

Vanquished Creatures
  2 gnolls (D:2)
  2 adders (D:2)
  An ooze (D:1)
  3 bats (D:1)
  2 hobgoblins
  4 goblins
  3 kobolds
  5 rats
22 creatures vanquished.

Notes
Turn   | Place    | Note
-------+----------+-------------------------------------------
     0 | D:1      | arttle the Minotaur Berserker began the quest for the Orb.
     0 | D:1      | Reached XP level 1. HP: 19/19 MP: 0/0
   122 | D:1      | Reached skill level 4 in Maces & Flails
   345 | D:1      | Reached XP level 2. HP: 26/26 MP: 1/1
   926 | D:2      | Reached skill level 5 in Maces & Flails
   946 | D:2      | Reached XP level 3. HP: 25/31 MP: 2/2
  1391 | D:2      | HP: 1/31 [gnoll/spear (7)]
  1391 | D:2      | Slain by a gnoll

Skill      XL: |  1  2 |
---------------+-------+-----
Maces & Flails | 4 5 |  5.8
Fighting       | |  3.6
Armour         | |  2.4
Dodging        | |  2.1

Action                   || total
-------------------------++-------
Melee: Mace              ||    22
       Headbutt          ||    10
       Whip              ||    40
 Stab: Sleeping          ||     1
  Eat: Chunk             ||     1
Armor: Animal skin       ||     4
Dodge: Dodged            ||    36
